 Dungeon Crawl Stone Soup version 0.23.1-37-gaa34b87 (webtiles) character file.

Game seed: 1750146553735414065

2179 snowfan the Destroyer (level 9, -1/65 HPs)
             Began as a Mummy Conjurer on Mar 25, 2019.
             Was a Follower of Sif Muna.
             Slain by a killer bee (3 damage)
             ... on level 8 of the Dungeon.
             The game lasted 00:34:28 (10445 turns).

snowfan the Destroyer (Mummy Conjurer)             Turns: 10445, Time: 00:34:31

Health: -1/65      AC:  5    Str: 13    XL:     9   Next: 11%
Magic:  0/13       EV: 12    Int: 23    God:    Sif Muna [*.....]
Gold:   305        SH:  0    Dex: 12    Spells: 3/13 levels left

rFire    x . .     SeeInvis +   n - +2 glaive (chop)
rCold    + . .     Gourm    .   (shield currently unavailable)
rNeg     + + +     Faith    +   a - +0 robe
rPois    ∞         Spirit   .   (no helmet)
rElec    .         Reflect  .   m - +0 cloak
rCorr    +         Harm     .   o - +0 pair of gloves
MR       +....                  b - +0 pair of boots of the Equinox {Str+2 Int+2 SInv}
Stlth    ++........             u - amulet of faith
HPRegen  0.20/turn              f - +3 ring of intelligence
MPRegen  0.13/turn              i - ring of resist corrosion

@: studying Maces & Flails
A: no food or potions, fire vulnerability, cold resistance 1, negative energy
resistance 3, torment resistance, unbreathing
a: Divine Energy, Renounce Religion


You were on level 8 of the Dungeon.
You worshipped Sif Muna.
Sif Muna was aware of your devotion.
You were not hungry.

You visited 2 branches of the dungeon, and saw 9 of its levels.

You collected 305 gold pieces.

Inventory:

Hand Weapons
 n - a +2 glaive of chopping (weapon)
 r - a +0 shortbow
Missiles
 g - 225 stones (quivered)
 s - 113 arrows
 w - 26 sling bullets
Armour
 a - a +0 robe (worn)
 b - the +0 pair of boots of the Equinox (worn) {Str+2 Int+2 SInv}
   (You found it on level 5 of the Dungeon)

   It affects your strength (+2).
   It affects your intelligence (+2).
   It lets you see invisible.
 m - a +0 cloak (worn)
 o - a +0 pair of gloves (worn)
Magical Staves
 x - an uncursed staff of cold
Jewellery
 d - an uncursed ring of fire
 f - a +3 ring of intelligence (left hand)
 i - a ring of resist corrosion (right hand)
 u - an amulet of faith (around neck)
 y - the ring "Osutra" {rF+ Int+2, unknown}
   (You found it on level 7 of the Dungeon)

   [ring of protection from fire]

   It affects your intelligence (+2).
   It protects you from fire.
Wands
 h - a wand of paralysis (5)
Scrolls
 c - 11 scrolls of identify {unknown}
 e - 3 scrolls of remove curse {unknown}
 j - a scroll of enchant weapon {unknown}
 k - 3 scrolls of teleportation
 l - 2 scrolls of enchant armour {unknown}
 p - a scroll of blinking {unknown}
 q - 3 scrolls of amnesia {unknown}
 v - a scroll of magic mapping {unknown}
Books
 t - a manual of Maces & Flails


   Skills:
 - Level 4.2 Fighting
 - Level 1.5 Dodging
 - Level 1.5 Stealth
 - Level 2.6 Spellcasting
 + Level 10.0 Conjurations


You had 3 spell levels left.
You knew the following spells:

 Your Spells              Type           Power        Failure   Level  Hunger
a - Magic Dart            Conj           ####         1%          1    N/A
b - Dazzling Spray        Conj/Hex       ####..       4%          3    N/A
f - Iskenderun's Mystic   Conj           #####...     1%          4    N/A
s - Searing Ray           Conj           #####.       1%          2    N/A

Your spell library contained the following spells:

 Spells                   Type           Power        Failure   Level  Hunger
 Infusion                 Chrm           #...         12%         1    N/A
 Shroud of Golubria       Chrm/Tloc      #.........   19%         2    N/A
 Song of Slaying          Chrm           #.......     19%         2    N/A
 Spectral Weapon          Hex/Chrm       #.......     34%         3    N/A
 Force Lance              Conj/Tloc      ####....     16%         4    N/A
 Fulminant Prism          Conj/Hex       ####......   16%         4    N/A
 Regeneration             Chrm/Necr      Unusable     N/A         3    N/A

Dungeon Overview and Level Annotations

Branches:
Dungeon (8/15)             Temple (1/1) D:7
   Lair: D:8-11

Altars:
Ashenzari
Cheibriados
Dithmenos
Elyvilon
Fedhas
Gozag
Makhleb
Nemelex Xobeh
Okawaru
Qazlal
Sif Muna
Trog
Uskayaw
Vehumet
Xom
Yredelemnul
The Shining One


Innate Abilities, Weirdness & Mutations

You do not eat or drink.
Your flesh is vulnerable to fire.
You are immune to poison.
Your flesh is cold resistant. (rC+)
You are immune to negative energy. (rN+++)
You are immune to unholy pain and torment.
You can survive without breathing.


Message History

You kill the killer bee!
Sif Muna accepts your kill.
Your Conjurations skill increases to level 10!
The killer bee barely misses you. The killer bee closely misses you.
You closely miss the killer bee.
The killer bee is almost dead.
The killer bee stings you. The killer bee barely misses you.
The killer bee stings you!
* * * LOW HITPOINT WARNING * * *
The killer bee stings you.
* * * LOW HITPOINT WARNING * * *
The killer bee stings you.
* * * LOW HITPOINT WARNING * * *
You miss the killer bee.
The killer bee is almost dead.
The killer bee stings you but does no damage.
The killer bee stings you.
* * * LOW HITPOINT WARNING * * *
The killer bee stings you.
You die...

...#...#####.............
.........................
............)............
.........####............
..........# #............
...........###..........#
............##.........#
..........#.##......).##
...........#.##.@....##
....... #..#y...###
#..#†### ##.†## ##..##
##..# ##........
......... ..........


You could see a killer bee.

Vanquished Creatures
  Pikel (D:5)
  2 sky beasts
  A slave (D:5)
  An ice beast (D:6)
  An ogre (D:6)
  4 centaurs
  3 bullfrogs
  2 scorpions
  2 killer bees (D:8)
  A howler monkey (D:7)
  A crimson imp (D:7)
  3 hounds
  A gnoll shaman (D:6)
  2 bullfrog skeletons
  A centaur skeleton (D:7)
  2 iguanas (D:7)
  4 worker ants
  A hound skeleton (D:4)
  7 gnolls
  A howler monkey skeleton (D:7)
  8 adders
  A shadow imp (D:5)
  2 oozes
  A dart slug (D:4)
  7 leopard geckos
  3 orcs
  4 bats
  10 giant cockroaches
  9 goblins
  10 hobgoblins
  2 jackals (D:3)
  A quokka (D:7)
  6 frilled lizards
  12 kobolds
  A leopard gecko zombie (D:5)
  A quokka zombie (D:8)
  12 rats
131 creatures vanquished.

Notes
Turn   | Place    | Note
-------+----------+-------------------------------------------
     0 | D:1      | snowfan the Mummy Conjurer began the quest for the Orb.
     0 | D:1      | Reached XP level 1. HP: 13/13 MP: 4/4
   409 | D:1      | Reached XP level 2. HP: 20/20 MP: 1/5
   520 | D:1      | Reached skill level 1 in Fighting
   854 | D:1      | Reached XP level 3. HP: 21/26 MP: 0/7
  1301 | D:2      | Reached skill level 4 in Conjurations
  2326 | D:3      | Reached XP level 4. HP: 33/33 MP: 5/8
  2734 | D:3      | Noticed a sky beast
  2878 | D:4      | Found a snail-covered altar of Cheibriados.
  2994 | D:4      | Found an iron altar of Okawaru.
  3235 | D:4      | Reached XP level 5. HP: 39/39 MP: 0/9
  3442 | D:4      | Reached skill level 5 in Conjurations
  3801 | D:5      | Entered Level 5 of the Dungeon
  3898 | D:5      | Found a shadowy altar of Dithmenos.
  3972 | D:5      | Noticed a centaur
  3985 | D:5      | Killed a centaur
  3985 | D:5      | Reached XP level 6. HP: 10/47 MP: 2/10
  4782 | D:5      | Got a pair of distressingly furry boots
  4788 | D:5      | Identified the +0 pair of boots of the Equinox {Str+2 Int+2
                  | SInv} (You found it on level 5 of the Dungeon)
  5352 | D:6      | Reached skill level 6 in Conjurations
  5427 | D:6      | Noticed an ice beast
  5477 | D:6      | Killed an ice beast
  5477 | D:6      | Reached XP level 7. HP: 7/54 MP: 0/11
  5865 | D:6      | Noticed Pikel
  6272 | D:3      | Learned a level 4 spell: Iskenderun's Mystic Blast
  7071 | D:5      | Killed Pikel
  7071 | D:5      | Reached skill level 8 in Conjurations
  7071 | D:5      | Reached XP level 8. HP: 38/60 MP: 0/12
  7216 | D:6      | Found a radiant altar of Vehumet.
  8523 | D:7      | Reached skill level 9 in Conjurations
  8700 | D:7      | Found a staircase to the Ecumenical Temple.
  8708 | Temple   | Entered the Ecumenical Temple
  8829 | Temple   | Became a worshipper of Sif Muna the Loreminder
  8911 | Temple   | Learned a level 3 spell: Dazzling Spray
  9624 | D:7      | Learned a level 2 spell: Searing Ray
  9670 | D:7      | Got a scintillating granite ring
 10332 | D:8      | Reached XP level 9. HP: 56/65 MP: 4/13
 10435 | D:8      | Reached * piety under Sif Muna
 10442 | D:8      | Reached skill level 10 in Conjurations
 10445 | D:8      | HP: 2/65 [killer bee (6)]
 10445 | D:8      | Slain by a killer bee

Skill      XL: |  1  2  3  4  5  6  7  8  9 |
---------------+----------------------------+-----
Fighting       | 1 2 3 4 |  4.2
Conjurations   | 4 5 6 8 9 10 | 10.0
Dodging        | |  1.5
Stealth        | |  1.5
Spellcasting   | |  2.6

Action                   |  1- 3 |  4- 6 |  7- 9 || total
-------------------------+-------+-------+-------++-------
Melee: Club              |    12 |       |       ||    12
       Glaive            |       |    19 |    41 ||    60
 Cast: Magic Dart        |    97 |   135 |   125 ||   357
       Iskenderun's Myst |       |       |    26 ||    26
       Searing Ray       |       |       |    19 ||    19
  Use: Scroll            |       |       |     1 ||     1
Armor: Robe              |     4 |    18 |    27 ||    49
Dodge: Dodged            |    19 |    52 |   101 ||   172
